Map: Blackpink LE

Players

Trizztein - Winner!

  • Race: Terran Terran
  • League: Diamond
  • Spawn Location: 7:00

Megamind

  • Race: Protoss Protoss
  • League: Diamond
  • Spawn Location: 1:00

VOD

Have the link to the VOD?

Description

Time

  • Played on: March 10, 2018, 7:15 a.m.
  • Length: 13:36
Show
View Real Time Build Order
Export as new Build Order

Trizztein Terran - Winner!

Build Orders: MMM Bio 

Get SALT Encoding   

  12  0:00  SCV  
  13  0:13  SCV  
  14  0:17  Supply Depot  
  14  0:25  SCV  
  15  0:39  SCV  
  15  0:40  Barracks  
  16  0:46  Refinery  
  16  0:51  SCV  
  17  1:03  SCV  
  18  1:16  SCV  
  19  1:31  Orbital Command  
  19  1:40  Command Center  
  19  1:51  Barracks  
  19  1:52  Marine  
  20  1:57  SCV  
  21  2:05  Supply Depot  
  21  2:09  SCV  
  21  2:15  Barracks Reactor  
  22  2:21  SCV  
  23  2:24  Engineering Bay  
  23  2:33  SCV  
  24  2:40  Barracks Tech Lab  
  24  2:45  SCV  
  24  2:50  Terran Infantry Weapons Level 1  
  25  2:51  Marine x2  
  25  2:52  Orbital Command  
  25  2:57  SCV  
  28  3:04  Refinery  
  28  3:06  Marine  
  28  3:09  SCV  
  28  3:11  Concussive Shells  
  30  3:20  SCV  
  30  3:21  SCV  
  30  3:24  Marine x2, Marauder  
  36  3:32  SCV  
  36  3:33  SCV  
  38  3:39  Supply Depot  
  38  3:41  Marine  
  38  3:42  Missile Turret, Marine  
  38  3:44  SCV  
  38  3:45  Marine  
  38  3:46  SCV  
  42  3:57  SCV  
  42  3:58  SCV  
  42  4:01  Marine x2, Barracks  
  42  4:02  Factory  
  46  4:05  Stimpack  
  46  4:09  SCV  
  47  4:10  SCV  
  47  4:13  Refinery  
  47  4:16  Supply Depot  
  48  4:20  Marine x2  
  48  4:21  SCV  
  48  4:22  Marine  
  52  4:25  SCV  
  53  4:33  SCV  
  53  4:38  SCV  
  53  4:45  SCV  
  53  4:46  Starport  
  53  4:47  Factory Reactor  
  53  4:50  SCV  
  53  4:52  Marine x3, Barracks Tech Lab  
  56  4:58  SCV, Bunker  
  57  5:02  SCV  
  57  5:04  Supply Depot  
  57  5:06  Terran Infantry Armor Level 1  
  55  5:10  SCV  
  55  5:11  Marine x2  
  55  5:12  Marine  
  60  5:14  SCV, Marauder  
  60  5:19  Combat Shields  
  61  5:22  SCV  
  61  5:25  Supply Depot  
  61  5:26  SCV  
  61  5:27  Supply Depot  
  63  5:30  Marine x3  
  63  5:31  Factory Reactor  
  63  5:33  Medivac  
  63  5:34  SCV  
  63  5:35  Marine  
  70  5:47  Marine, Medivac  
  70  5:48  Marine x2  
  76  5:51  Liberator  
  76  5:53  Refinery  
  76  5:56  Supply Depot  
  75  5:57  Barracks  
  75  5:58  Supply Depot, Barracks  
  75  6:01  Marauder  
  77  6:05  Marine  
  82  6:23  Command Center  
  82  6:30  Marine x2, Marauder  
  82  6:31  Marauder  
  87  6:36  Liberator  
  87  6:39  SCV, Medivac  
  89  6:41  Widow Mine x2  
  89  6:43  Supply Depot  
  89  6:46  Barracks Tech Lab, Barracks Reactor  
  93  6:52  Supply Depot  
  96  6:56  Supply Depot x2  
  96  6:58  SCV x2  
  96  6:59  Marine x2  
  100  7:07  Supply Depot  
  96  7:09  Marauder x2  
  96  7:14  Armory  
  100  7:17  Engineering Bay  
  100  7:18  Marauder  
  102  7:27  Marine x2  
  102  7:28  Marine x2  
  98  7:30  Marauder  
  98  7:35  Marauder  
  99  7:39  Marine  
  100  7:45  Marine x3  
  100  7:48  Marine  
  103  7:51  Marine  
  103  7:56  Marine  
  103  7:57  Marine  
  100  8:03  Marine x3  
  102  8:06  Marine  
  102  8:08  Terran Infantry Weapons Level 2, Terran Infantry Armor Level 2  
  102  8:10  Terran Ship Weapons Level 1, Marauder  
  105  8:15  Ghost Academy  
  105  8:16  SCV  
  105  8:17  SCV  
  105  8:19  Supply Depot  
  107  8:21  Widow Mine  
  107  8:24  Marine x2  
  111  8:29  Liberator x2, SCV  
  112  8:36  Marauder  
  113  8:42  Refinery  
  113  8:44  Refinery  
  113  8:48  Marine, Widow Mine  
  121  8:55  Marine  
  121  8:56  Marine, Marauder x2  
  121  8:58  Widow Mine  
  121  9:00  Marine, Marauder  
  132  9:03  SCV  
  132  9:05  SCV  
  132  9:09  Orbital Command  
  134  9:16  Marine x3  
  140  9:25  Marine  
  140  9:26  Marauder  
  140  9:29  Medivac x2  
  149  9:31  Widow Mine  
  149  9:32  Widow Mine  
  149  9:34  Marine  
  128  9:50  Unknown x2  
  128  9:51  Marine x4  
  128  9:52  Marauder x2  
  116  9:56  SCV x2  
  116  9:57  SCV  
  116  9:59  Medivac x2  
  112  10:02  Widow Mine x2  
  114  10:08  SCV  
  114  10:09  SCV, Marauder  
  122  10:23  Starport  
  122  10:24  Bunker  
  122  10:27  Missile Turret  
  122  10:32  Missile Turret  
  122  10:38  Marine x3  
  122  10:39  Marine x2  
  122  10:40  Terran Infantry Weapons Level 3  
  122  10:41  Unknown x2  
  127  11:05  Marine x4  
  127  11:06  Marauder x2  
  127  11:07  Terran Ship Weapons Level 2  
  135  11:14  Command Center  
  109  11:26  Marine  
  109  11:27  Marine x4, Marauder x2  
  103  11:44  Marine x4  
  103  11:45  Marauder  
  109  11:48  Marine x2  
  109  11:50  Liberator  
  111  12:02  Marine x4, Barracks  
  111  12:03  Barracks  
  111  12:04  Starport Tech Lab  
  111  12:06  Marine x2  
  122  12:09  Fusion Core  
  122  12:19  Marine  
  122  12:20  Marine  
  124  12:23  Marine x2  
  124  12:24  Marauder  
  129  12:37  Marine  
  129  12:38  Marine  
  129  12:41  Marine x2  
  133  12:44  SCV x2  
  133  12:45  SCV, Marauder  
  133  12:47  Unknown  
  133  12:48  Marauder  
  140  12:52  Barracks Tech Lab, Unknown, Barracks Reactor  
  140  12:53  Marauder  
  140  12:55  Marine  
  140  12:56  Marine  
  144  12:59  Marine x2  
  144  13:03  Widow Mine x2  
  153  13:06  Marine  
  157  13:15  Marine x4  
Show
View Real Time Build Order
Export as new Build Order

Megamind Protoss 

Build Orders: 1 Gate Expand 

Get SALT Encoding   

  12  0:01  Probe  
  13  0:13  Probe  
  14  0:18  Pylon  
  14  0:25  Probe  
  15  0:37  Gateway  
  15  0:39  Probe (Chrono Boost)  
  16  0:48  Probe (Chrono Boost)  
  17  0:51  Assimilator  
  17  0:53  Probe (Chrono Boost)  
  18  1:05  Probe  
  19  1:17  Probe  
  20  1:29  Probe  
  21  1:39  Nexus  
  21  1:41  Probe  
  22  1:53  Cybernetics Core  
  22  1:56  Probe  
  22  2:00  Pylon  
  23  2:12  Assimilator  
  23  2:18  Probe  
  24  2:31  Twilight Council, Stalker (Chrono Boost)  
  24  2:35  Warp Gate  
  24  2:36  Probe  
  27  2:48  Probe  
  28  2:55  Probe  
  28  2:58  Stalker  
  31  3:02  Probe  
  31  3:04  Gateway  
  32  3:07  Probe  
  32  3:09  Charge  
  33  3:33  Probe  
  34  3:36  Probe  
  34  3:39  Pylon  
  34  3:40  Stalker (Chrono Boost)  
  37  3:45  Probe  
  38  3:51  Probe  
  38  3:53  Assimilator  
  41  4:00  Probe  
  41  4:02  Zealot (Chrono Boost)  
  42  4:05  Gateway  
  42  4:07  Sentry (Chrono Boost)  
  44  4:13  Gateway  
  44  4:14  Gateway  
  44  4:21  Shield Battery x2  
  44  4:22  Pylon  
  44  4:36  Zealot  
  44  4:38  Sentry  
  48  4:49  Probe  
  48  4:52  Gateway  
  49  4:56  Pylon  
  49  4:59  Probe  
  50  5:05  Robotics Facility  
  50  5:07  Probe  
  51  5:11  Assimilator, Probe  
  52  5:19  Probe  
  52  5:20  Templar Archives  
  53  5:23  Forge, Probe  
  54  5:31  Probe  
  54  5:35  Probe  
  56  5:43  Psionic Storm, Probe  
  56  5:47  Probe  
  56  5:49  Nexus  
  58  5:51  Pylon  
  58  5:52  Protoss Ground Weapons Level 1 (Chrono Boost)  
  58  5:53  Observer (Chrono Boost)  
  58  5:55  Probe  
  60  5:59  Probe  
  60  6:01  Gateway  
  60  6:03  Gateway  
  61  6:07  Probe  
  62  6:11  Probe  
  62  6:16  Pylon  
  62  6:17  Pylon  
  63  6:19  Probe  
  64  6:29  High Templar  
  64  6:30  High Templar  
  64  6:31  Stalker x2  
  64  6:32  Zealot  
  74  6:41  Zealot  
  74  6:43  Immortal (Chrono Boost)  
  74  6:45  Probe  
  81  6:56  Zealot x3  
  79  7:08  Zealot x2  
  79  7:09  Zealot x2  
  87  7:17  Probe  
  87  7:22  Stalker x3  
  78  7:33  Zealot x5  
  80  7:41  Observer  
  79  7:45  Zealot  
  79  7:46  Zealot  
  79  7:48  Stalker  
  79  8:00  Stalker x4  
  79  8:01  High Templar  
  89  8:06  Probe  
  89  8:09  Immortal (Chrono Boost)  
  89  8:11  Sentry x2  
  98  8:20  Pylon  
  98  8:21  Probe  
  98  8:22  Probe  
  98  8:23  High Templar  
  98  8:24  Zealot  
  98  8:26  Blink (Chrono Boost)  
  104  8:36  Probe  
  105  8:48  Stalker x3  
  107  8:59  Zealot x3, High Templar  
  115  9:20  Zealot  
  117  9:26  Pylon, Protoss Ground Weapons Level 2 (Chrono Boost)  
  117  9:28  Pylon  
  117  9:31  Pylon  
  117  9:33  Probe x2  
  117  9:34  Probe  
  116  9:40  Immortal  
  104  9:49  Observer  
  84  9:53  Archon  
  84  9:58  Stalker x3  
  84  9:59  High Templar  
  87  10:00  Zealot x4  
  95  10:12  Observer  
  95  10:15  Probe  
  95  10:17  Assimilator  
  95  10:18  Assimilator  
  96  10:25  High Templar x2  
  96  10:26  Zealot x5  
  110  10:35  Stalker  
  112  10:36  Probe  
  113  11:00  Stalker x5  
  113  11:01  Zealot x3  
  113  11:02  Immortal  
  133  11:07  Archon  
  129  11:22  Zealot x3  
  104  11:37  Stalker x5  
  104  11:38  Probe  
  104  11:39  Probe  
  114  11:48  Probe  
  114  11:53  Nexus  
  115  11:54  Robotics Bay  
  115  12:03  Probe  
  115  12:06  Zealot x2  
  115  12:07  Stalker x2  
  123  12:17  Probe  
  123  12:20  Dark Shrine  
  124  12:44  Robotics Facility  
  124  12:45  Colossus (Chrono Boost)  
  124  12:49  Pylon  
  130  12:52  Pylon  
  130  12:56  Pylon  
  131  12:58  Probe  
  131  13:01  High Templar  
  131  13:04  Probe  
  134  13:07  Pylon  
  134  13:10  Pylon  
  120  13:27  Zealot x5  
  98  13:32  Zealot x2  
Tags
 
Composition
MMM Bio
Matchup
PvT
Spawn Locations
Cross Positions
Add a new tag
Caveats
  • Supply blocks, unpowered buildings, or Contaminate may cause inaccurate times.
  • Supply counts are checked every 10 seconds.